 Dungeon Crawl Stone Soup version 0.32-a0-986-ga09f62fbf4 (webtiles) character file.

Game seed: 15934328939673206805

266335 wally255 the Severer (level 19, -10/167 HPs)
             Began as a Minotaur Fighter on Apr 19, 2024.
             Was a High Priest of Okawaru.
             Mangled by a +4 vampiric long sword (14 damage)
             ... animated by Zenata
             ... on level 2 of the Vaults on Apr 22, 2024.
             The game lasted 02:04:30 (48806 turns).

wally255 the Severer (Minotaur Fighter)            Turns: 48806, Time: 02:04:31

Health: -10/167    AC: 28    Str: 28    XL:     19   Next: 32%
Magic:  32/33      EV:  4    Int:  7    God:    Okawaru [*****.]
Gold:   2455       SH: 37    Dex: 24    Spells: 36/40 levels left

rFire   + + +        Y - +7 broad axe "Usytexto" {freeze, rPois rC++}
rCold   + + +        W - +10 tower shield of Fustrohapp {rElec rF+++ Slay-2 Stlth+}
rNeg    + . .        j - +3 gold dragon scales
rPois   +            (helmet restricted)
rElec   +            Z - scarf {harm}
rCorr   .            K - +2 pair of gloves {Str+3}
SInv    .            x - +0 pair of boots
Will    ++...        b - amulet of reflection Stlth
                     u - ring of Disolobo {Will+ Dex+6}
HPRegen 0.47/turn    Q - ring of the Princeling {rN+ Dex+6}
MPRegen 0.23/turn

%: harm (+30% outgoing, +20% incoming), reflection
@: about to teleport, on blink cooldown, studying Staves
A: horns 2, retaliatory headbutt
}: 2/15 runes: barnacled, gossamer
a: Renounce Religion, Heroism, Finesse, Duel


You were on level 2 of the Vaults.
You worshipped Okawaru.
Okawaru was extremely pleased with you.
You visited 8 branches of the dungeon, and saw 34 of its levels.
You also visited: Gauntlet.

You collected 3209 gold pieces.
You spent 754 gold pieces at shops.

Inventory:

Hand Weapons
 r - the +9 war axe of Disarray {protect, rN+ Will+ Str+3 Stlth-}
   (You found it on level 7 of the Dungeon)

   Str+3:     It affects your strength (+3).
   rN+:       It protects you from negative energy.
   Will+:     It increases your willpower.
   Stlth-:    It makes you less stealthy.
 Y - the +7 broad axe "Usytexto" (weapon) {freeze, rPois rC++}
   (Okawaru gifted it to you on level 4 of the Lair of Beasts)

   rC++:      It greatly protects you from cold.
   rPois:     It protects you from poison.
Missiles
 n - 7 javelins (quivered)
 v - 9 silver javelins
 w - 2 curare-tipped darts
Armour
 j - +3 gold dragon scales (worn)
 x - a +0 pair of boots (worn)
 K - a +2 pair of gloves of strength (worn)
 W - the +10 tower shield of Fustrohapp (worn) {rElec rF+++ Slay-2 Stlth+}
   (Okawaru gifted it to you on level 4 of the Lair of Beasts)

   Slay-2:    It affects your accuracy & damage with ranged weapons and melee
   (-2).
   rF+++:     It renders you almost immune to fire.
   rElec:     It insulates you from electricity.
   Stlth+:    It makes you more stealthy.
 Z - a scarf of harm (worn)
Jewellery
 b - an amulet of reflection (around neck)
 c - a ring of poison resistance
 u - the ring of Disolobo (left hand) {Will+ Dex+6}
   (You found it on level 3 of the Dungeon)

   [ring of willpower]

   Dex+6:     It affects your dexterity (+6).
   Will+:     It increases your willpower.
 D - a ring of protection from cold
 E - the ring of Ocapaomu {Fly Int+4}
   (You found it on level 8 of the Dungeon)

   [ring of flight]

   Int+4:     It affects your intelligence (+4).
   Fly:       It grants you flight.
 M - a ring of willpower
 Q - the ring of the Princeling (right hand) {rN+ Dex+6}
   (You found it on level 2 of the Lair of Beasts)

   [ring of positive energy]

   Dex+6:     It affects your dexterity (+6).
   rN+:       It protects you from negative energy.
 V - a ring of willpower
Wands
 e - a wand of paralysis (13)
 y - a wand of light (19)
 z - a wand of digging (16)
 G - a wand of mindburst (33)
 J - a wand of flame (47)
Scrolls
 a - 2 scrolls of vulnerability
 g - 21 scrolls of teleportation
 p - 4 scrolls of fog
 q - 3 scrolls of fear
 A - 2 scrolls of silence
 C - 10 scrolls of identify
 F - 3 scrolls of poison
 H - 4 scrolls of amnesia
 O - a scroll of brand weapon
 P - a scroll of enchant armour
 T - a scroll of acquirement
 X - 5 scrolls of enchant weapon
Potions
 d - 3 potions of cancellation
 f - 3 potions of attraction
 h - 6 potions of haste
 i - 8 potions of curing
 k - a potion of berserk rage
 l - 8 potions of lignification
 m - 5 potions of ambrosia
 o - 10 potions of enlightenment
 s - a potion of heal wounds
 t - 8 potions of brilliance
 L - 2 potions of resistance
 N - 2 potions of might
 S - 2 potions of magic
Miscellaneous
 B - a lightning rod (4/4)
 I - a phial of floods
 R - a condenser vane
 U - a phantom mirror


   Skills:
 + Level 14.3 Fighting
 + Level 19.3 Axes
 - Level 10.0 Throwing
 + Level 14.2 Armour
 * Level 0.0 Dodging
 + Level 16.8 Shields
 - Level 11.0 Spellcasting
 - Level 11.9 Translocations
 - Level 8.0 Invocations


You had 36 spell levels left.
You knew the following spells:

 Your Spells              Type           Power      Damage    Failure   Level
a - Blink                 Tloc           40%        N/A       7%          2
b - Lesser Beckoning      Tloc           40%        N/A       7%          2

Your spell library contained the following spells:

 Spells                   Type           Power      Damage    Failure   Level
 Teleport Other           Tloc           20%        N/A       14%         3
 Momentum Strike          Conj/Tloc      24%        3d8       63%         2
 Volatile Blastmotes      Fire/Tloc      24%        2d12      85%         3
 Foxfire                  Conj/Fire      12%        2x1d4     99%         1
 Magic Dart               Conj           12%        1d3       99%         1
 Sandblast                Erth           6%         2d5       99%         1
 Dimensional Bullseye     Hex/Tloc       6%         N/A       99%         4
 Iskenderun's Mystic Bla Conj/Tloc 12%            2d5        (+2d2     99%         4
 Vhi's Electric Charge    Tloc/Air       24%        N/A       99%         4
 Searing Ray              Conj           6%         2d4       100%        2
 Static Discharge         Conj/Air       6%         3-4/arc   100%        2
 Frozen Ramparts          Ice            6%         1d1       100%        3
 Ozocubu's Armour         Ice            3%         N/A       100%        3
 Passwall                 Erth           3%         N/A       100%        3
 Sigil of Binding         Hex            3%         N/A       100%        3
 Stone Arrow              Conj/Erth      6%         3d7       100%        3
 Airstrike                Air            1%         2d(1-17)  100%        4
 Brom's Barrelling Bould  Conj/Erth      3%         2d3       100%        4
 Fulminant Prism          Conj/Alch      1%         3d5       100%        4
 Lee's Rapid Deconstruct  Erth           1%         3d4*      100%        5
 Metabolic Englaciation   Hex/Ice        1%         N/A       100%        5
 Bombard                  Conj/Erth      1%         9d1       100%        6
 Gell's Gavotte           Tloc           10%        2d(16-23) 100%        6
 Plasma Beam              Fire/Air       1%         2x1d11    100%        6
 Starburst                Conj/Fire      1%         6d3       100%        6
 Magnavolt                Erth/Air       1%         3d9       100%        7
 Borgnjor's Revivificati  Necr           1%         N/A       100%        8
 Death's Door             Necr           1%         N/A       100%        9
 Summon Small Mammal      Summ           Unusable   N/A       N/A         1
 Call Canine Familiar     Summ           Unusable   N/A       N/A         3
 Summon Ice Beast         Ice/Summ       Unusable   N/A       N/A         3
 Animate Armour           Summ/Erth      Unusable   N/A       N/A         4
 Summon Blazeheart Golem  Fire/Summ      Unusable   N/A       N/A         4
 Summon Lightning Spire   Summ/Air       Unusable   N/A       N/A         4
 Summon Mana Viper        Hex/Summ       Unusable   N/A       N/A         5
 Haunt                    Necr/Summ      Unusable   N/A       N/A         7
 Monstrous Menagerie      Summ           Unusable   N/A       N/A         7
 Seismic Cannonade        Alch/Erth      Unusable   6d4       N/A         7

Dungeon Overview and Level Annotations

Branches:
Dungeon (15/15)            Temple (0/1) D:5            Lair (5/5) D:8
 Shoals (4/4) Lair:3       Spider (4/4) Lair:2        Slime (1/5) Lair:4
    Orc (2/2) D:12            Elf (0/3) Orc:2        Vaults (2/5) D:13
  Crypt (0/3) Vaults:2     Depths (1/4) D:15        Gauntlet (visited)

Altars:
Cheibriados
Fedhas
Gozag
Hepliaklqana
Makhleb
Okawaru
Qazlal
Sif Muna
Wu Jian
The Shining One
Jiyva

Shops:
D:2 !   D:5 ?   Orc:2 :?*:   Shoals:1 ?   Shoals:2 *   Vaults:2 (

Annotations:
Lair:5 3 runed translucent doors, Biggs's ghost, journeyman OpFi
Vaults:2 Zenata


Innate Abilities, Weirdness & Mutations

You have a pair of horns on your head.
You reflexively headbutt those who attack you in melee.


Message History

You feel strangely unstable.
The +2 war axe of electrocution disappears in a puff of smoke!
The +3 heavy battleaxe disappears in a puff of smoke!
You block the +3 flail of protection's attack.
You block the +3 flail of protection's attack.
You block the +3 halberd of protection's attack.
The +3 flail of protection hits you but does no damage.
You block the +3 halberd of protection's attack.
You hit the +3 flail of protection but do no damage.
The +3 flail of protection is severely damaged.
You closely miss the +3 heavy hand axe.
You block the +3 flail of protection's attack.
You block the +3 heavy hand axe's attack.
You block the +3 halberd of protection's attack.
The +3 flail of protection hits you but does no damage.
You block the +3 halberd of protection's attack.
Zenata casts a spell at you.
A blast of power from the earth and the adjacent constructs strikes you!
* * * LOW HITPOINT WARNING * * *
The +3 heavy hand axe hits you but does no damage.
You closely miss the +3 flail of protection.
Your headbutt misses the +3 flail of protection.
The +3 flail of protection is severely damaged.
You miss the +3 heavy hand axe.
You block the +3 flail of protection's attack.
You block the +3 halberd of protection's attack.
You block the +4 vampiric long sword's attack.
You block the +3 heavy hand axe's attack.
The +3 flail of protection hits you!
* * * LOW HITPOINT WARNING * * *
You block the +4 vampiric long sword's attack.
The +3 heavy hand axe hits you!
* * * LOW HITPOINT WARNING * * *
You block the +4 vampiric long sword's attack.
You block the +3 halberd of protection's attack.
You block the +3 flail of protection's attack.
The +3 heavy hand axe barely misses you.
You furiously retaliate!
You headbutt the +3 heavy hand axe! The +4 vampiric long sword hits you!
You die...

#########
........ ......
#....#########
#....#.......#
#..(.#.......#
#.@(.#.......#
#(((.#.......#
#...(#.......#
#....'.......#
#....'.......#
#....#a......'.
#....#.......##
#####
#....#.......#
#...
#....###'#####


You could see Zenata and 6 dancing weapons.

Vanquished Creatures
  An acid blob (Slime:1)
  An ancient champion (Vaults:2)
  Roxanne (D:15)
  A rockslime (Slime:1)
  5 emperor scorpions
  2 ghost moths (Spider:4)
  4 vault wardens (Vaults:1)
  2 orc warlords
  2 broodmothers
  The ghost of Orlauf the Warrior, a journeyman DsGl of Uskayaw (Lair:4)
  5 ironbound preservers (Vaults:1)
  A formless jellyfish (Vaults:1)
  A deep elf annihilator (Shoals:1)
  4 ironbound thunderhulks
  13 dire elephants
  A spark wasp (Spider:4)
  2 minotaurs
  8 merfolk javelineers
  6 entropy weavers
  Josephine (D:15)
  A yaktaur captain (Vaults:2)
  A great orb of eyes (Slime:1)
  4 merfolk impalers
  Erolcha (D:13)
  The ghost of Rudyous the Destroyer, a journeyman DsFE of Vehumet (Lair:2)
  A sphinx zombie (D:15)
  Fannar (Lair:1)
  2 vault guards
  A catoblepas (Lair:5)
  A jorogumo (Spider:4)
  10 ironbound frosthearts
  An ogre mage (Orc:2)
  2 radroaches
  4 merfolk aquamancers (Shoals:4)
  An alligator snapping turtle (Shoals:4)
  9 centaur warriors
  6 two-headed ogres
  3 satyrs
  A death knight (D:15)
  2 tengu warriors (D:13)
  A merfolk avatar (Shoals:2)
  5 orc high priests (Orc:2)
  9 boulder beetles
  5 death yaks (Lair:5)
  A deep troll shaman (Lair:5)
  A vampire mage (D:15)
  8 demonic crawlers
  2 deep elf knights (Shoals:1)
  A fire crab (shapeshifter) (D:13)
  Sonja (Orc:2)
  21 skeletal warriors
  7 pharaoh ants
  8 skysharks
  3 sun demons (Shoals:3)
  2 deep elf archers (Shoals:1)
  15 sea snakes
  A storm dragon skeleton (D:15)
  3 sun moths
  4 orb spiders
  9 ironbound convokers
  An orange crystal statue (Lair:2)
  An arcanist (Vaults:1)
  7 deep trolls (Vaults:1)
  A lindwurm (Lair:3)
  7 steelbarb worms
  An obsidian bat (Orc:1)
  A tengu zombie (Vaults:1)
  2 necromancers
  12 orc knights
  5 deep elf pyromancers
  16 wolf spiders
  A deep elf zephyrmancer (Shoals:1)
  36 harpies
  3 ugly things
  10 cyclopes
  15 fauns
  24 elephants
  2 orc sorcerers
  2 tengu skeletons (Vaults:2)
  A shining eye (Slime:1)
  25 manticores
  7 meliai
  2 human skeletons (Vaults:2)
  A moth of wrath (Spider:4)
  16 merfolk sirens
  3 kobold blastminers
  9 water nymphs
  A fire giant skeleton (Vaults:2)
  A black mamba (shapeshifter) (D:15)
  6 black mambas
  3 vault sentinels (Vaults:1)
  2 gargoyles (D:11)
  16 cane toads
  A torpor snail (Spider:4)
  A freezing wraith (D:15)
  4 rime drakes
  2 yaktaurs (Vaults:1)
  An ice devil (Gauntlet)
  6 komodo dragons
  26 merfolk
  A tengu conjurer (D:14)
  4 polar bears
  15 jumping spiders
  7 trolls
  6 wind drakes
  5 blink frogs (Lair:1)
  Grinder (D:3)
  2 hornets
  7 snapping turtles
  10 tarantellas
  6 dream sheep
  A spriggan zombie (D:15)
  4 slime creatures
  Sigmund (D:3)
  3 shadows
  A spriggan (Lair:5)
  13 water elementals (Shoals:4)
  7 culicivoras
  2 wyverns (Lair:3)
  71 yaks
  3 centaur simulacra (Gauntlet)
  5 wraiths
  6 vampire mosquitoes
  A basilisk (Lair:4)
  3 wargs
  A steam dragon (D:9)
  39 redbacks
  An elf simulacrum (Vaults:1)
  A glowing shapeshifter zombie (Vaults:1)
  A human zombie (Vaults:1)
  3 acid dragons
  21 water moccasins
  2 glowing shapeshifter skeletons
  A meliai simulacrum (Gauntlet)
  An ice beast (D:6)
  41 orc warriors
  5 black bears
  2 sky beasts (D:7)
  2 laughing skulls (D:14)
  10 centaurs
  7 ogres
  4 boggarts (D:14)
  17 wolves
  2 phantoms (D:5)
  A gnoll sergeant (D:7)
  3 kobold brigands
  8 bullfrogs
  2 scorpions
  6 wights
  A hornet simulacrum (Gauntlet)
  12 killer bees
  8 howler monkeys
  7 electric eels
  A bombardier beetle (D:4)
  32 orc priests
  9 hounds
  4 jellies
  3 sleepcaps
  13 hell rats (Lair:4)
  2 iguanas
  Terence (D:3)
  20 orc wizards
  7 gnolls
  6 adders
  5 white imps
  2 ufetubi (D:6)
  A dart slug (D:1)
  70 orcs
  8 bats
  2 endoplasms
  A giant cockroach (D:1)
  5 goblins
  A hobgoblin (D:2)
  9 jackals
  5 quokkas
  4 ball pythons
  5 frilled lizards
  23 kobolds
  5 rats
1141 creatures vanquished.

Vanquished Creatures (others)
  A death yak (Lair:5)
  A manticore (Shoals:4)
  A merfolk (Shoals:4)
3 creatures vanquished.

Grand Total: 1144 creatures vanquished

Notes
Turn   | Place    | Note
-------+----------+-------------------------------------------
     0 | D:1      | wally255 the Minotaur Fighter began the quest for the Orb.
     0 | D:1      | Reached XP level 1. HP: 19/19 MP: 0/0
   143 | D:1      | Reached XP level 2. HP: 27/27 MP: 1/1
   268 | D:1      | Reached skill level 3 in Axes
   642 | D:2      | Reached XP level 3. HP: 33/33 MP: 2/2
  1040 | D:2      | Found Qefawyle's Distillery.
  1059 | D:2      | Bought a potion of degeneration for 13 gold pieces
  1730 | D:3      | Identified the ring of Disolobo {Will+ Dex+6}
  1840 | D:3      | Reached XP level 4. HP: 31/40 MP: 3/3
  1857 | D:3      | Noticed Grinder
  1885 | D:3      | Killed Grinder
  1886 | D:3      | Reached skill level 5 in Axes
  1886 | D:3      | Reached XP level 5. HP: 24/47 MP: 4/4
  2123 | D:3      | Reached XP level 6. HP: 55/55 MP: 5/5
  2151 | D:3      | Noticed Terence
  2151 | D:3      | Noticed Sigmund
  2161 | D:3      | Killed Terence
  2162 | D:3      | Reached skill level 5 in Fighting
  2162 | D:3      | Reached skill level 5 in Shields
  2166 | D:3      | Killed Sigmund
  2167 | D:3      | Reached skill level 5 in Armour
  2258 | D:3      | Found a stormy altar of Qazlal.
  2259 | D:3      | Found a snail-covered altar of Cheibriados.
  3130 | D:4      | Found an iron altar of Okawaru.
  3148 | D:4      | Reached XP level 7. HP: 56/61 MP: 6/6
  3169 | D:4      | Became a worshipper of Warmaster Okawaru
  3217 | D:4      | Found a burning altar of Makhleb.
  3217 | D:4      | Found an opulent altar of Gozag.
  3217 | D:4      | Found a blossoming altar of Fedhas.
  3218 | D:4      | Found a glowing golden altar of the Shining One.
  3248 | D:4      | Reached skill level 6 in Axes
  3644 | D:5      | Entered Level 5 of the Dungeon
  4208 | D:5      | Found a staircase to the Ecumenical Temple.
  4384 | D:5      | Found a shimmering blue altar of Sif Muna.
  4717 | D:5      | Reached * piety under Okawaru
  4730 | D:5      | Found Madaumor's Magic Scroll Emporium.
  4746 | D:5      | Bought a scroll of blinking for 90 gold pieces
  4746 | D:5      | Bought a scroll of enchant armour for 90 gold pieces
  4746 | D:5      | Bought a scroll of identify for 24 gold pieces
  4746 | D:5      | Bought a scroll of identify for 24 gold pieces
  4878 | D:5      | Reached skill level 7 in Axes
  4890 | D:5      | Reached XP level 8. HP: 30/70 MP: 7/7
  4893 | D:5      | Reached skill level 1 in Invocations
  6058 | D:6      | Reached skill level 8 in Axes
  6969 | D:7      | Reached ** piety under Okawaru
  7338 | D:7      | Reached XP level 9. HP: 79/79 MP: 10/10
  7349 | D:7      | Reached skill level 9 in Axes
  7512 | D:7      | Identified the +9 war axe of Disarray {protect, rN+ Will+
                  | Str+3 Stlth-}
  7908 | D:8      | Found a staircase to the Lair.
  7911 | D:8      | Noticed a troll
  8506 | D:8      | Killed a troll
  8507 | D:8      | Reached skill level 10 in Axes
  8685 | D:8      | Identified the ring of Ocapaomu {Fly Int+4}
  8837 | D:8      | Reached *** piety under Okawaru
  9637 | D:8      | Noticed a cyclops
  9647 | D:8      | Killed a cyclops
  9913 | D:8      | Reached XP level 10. HP: 82/88 MP: 12/12
 11567 | D:9      | Reached skill level 11 in Axes
 11578 | D:9      | Reached **** piety under Okawaru
 11598 | D:9      | Reached skill level 5 in Invocations
 11851 | D:9      | Reached skill level 1 in Throwing
 11857 | D:9      | Reached skill level 12 in Axes
 11864 | D:9      | Reached ***** piety under Okawaru
 12058 | D:9      | Reached XP level 11. HP: 97/97 MP: 13/13
 12490 | D:10     | Entered Level 10 of the Dungeon
 12890 | D:10     | Noticed a two-headed ogre
 12895 | D:10     | Killed a two-headed ogre
 12895 | D:10     | Received a gift from Okawaru
 13404 | D:10     | Reached skill level 13 in Axes
 13727 | D:11     | Reached skill level 10 in Fighting
 13816 | D:11     | Reached skill level 10 in Armour
 13852 | D:11     | Reached skill level 10 in Shields
 14480 | D:12     | Found a staircase to the Orcish Mines.
 14480 | D:12     | You fall into a shaft and drop 2 floors!
 14482 | D:14     | Found a burning altar of Makhleb.
 14519 | D:12     | Noticed a red ugly thing
 14530 | D:12     | Killed a red ugly thing
 14530 | D:12     | Received a gift from Okawaru
 14789 | D:12     | Reached skill level 14 in Axes
 14928 | D:12     | Reached XP level 12. HP: 108/108 MP: 14/14
 15202 | Lair:1   | Entered Level 1 of the Lair of Beasts
 15239 | Lair:1   | Noticed Fannar
 15941 | Lair:1   | Killed Fannar
 16047 | Lair:1   | Reached skill level 5 in Throwing
 16054 | Lair:1   | Identified the +1 leather armour of the Ditch-Digger
                  | {Int+5}
 16209 | Lair:1   | Received a gift from Okawaru
 16456 | Lair:1   | Identified the +6 great sword of the Everdark {vamp, Int+4}
 16487 | Lair:1   | Reached skill level 15 in Axes
 17050 | Lair:2   | Found a gate leading to a gauntlet.
 17068 | Gauntlet | Entered a Gauntlet
 17068 | Gauntlet | Found a transporter.
 17079 | Gauntlet | Found a transporter.
 17081 | Gauntlet | Found a transporter.
 17082 | Gauntlet | Found a transporter.
 17090 | Gauntlet | Found a transporter.
 17093 | Gauntlet | Found a transporter.
 17095 | Gauntlet | Found a transporter.
 17098 | Gauntlet | Found a runed translucent door.
 17102 | Gauntlet | Found a runed translucent door.
 17104 | Gauntlet | Found a transporter.
 17107 | Gauntlet | Found a transporter.
 17108 | Gauntlet | Found a transporter.
 17116 | Gauntlet | Found a transporter.
 17119 | Gauntlet | Found a transporter.
 17120 | Gauntlet | Found a transporter.
 17129 | Gauntlet | Found a transporter.
 17245 | Gauntlet | Identified the staff "Xybist" {rElec rF+ Stlth+ Fire Air}
 17440 | Gauntlet | Identified the +9 long sword "Hoseucw" {freeze, rPois rN+++
                  | SInv Stlth-}
 17440 | Gauntlet | Noticed a minotaur
 17457 | Gauntlet | Killed a minotaur
 17827 | Lair:2   | Found a hole to the Spider Nest.
 18056 | Lair:2   | Found a runed translucent gate.
 18057 | Lair:2   | Found a runed translucent gate.
 18058 | Lair:2   | Found a runed translucent gate.
 18058 | Lair:2   | Noticed a minotaur
 18058 | Lair:2   | Noticed Rudyous's ghost (journeyman DsFE)
 18073 | Lair:2   | Received a gift from Okawaru
 18801 | Lair:2   | Reached XP level 13. HP: 117/117 MP: 16/16
 19056 | Lair:2   | Received a gift from Okawaru
 19063 | Lair:2   | Killed Rudyous's ghost
 19077 | Lair:2   | Killed a minotaur
 19078 | Lair:2   | Reached skill level 16 in Axes
 19341 | Lair:2   | Found the +4 robe of Folly {Brill Will-∞ Int+8}
 19371 | Lair:2   | Identified the ring of the Princeling {rN+ Dex+6}
 19373 | Lair:2   | Identified the +5 halberd of Voqeri {drain, rF+ rC+ rN+}
 19379 | Lair:2   | Got Sif Muna's Incunabulum of Portals
 19535 | Lair:3   | Found a staircase to the Shoals.
 19540 | Lair:3   | Received a gift from Okawaru
 19912 | Lair:3   | Found an ornate altar of the Wu Jian Council.
 20549 | Lair:4   | Received a gift from Okawaru
 20564 | Lair:4   | Reached skill level 17 in Axes
 21055 | Lair:4   | Noticed Orlauf's ghost (journeyman DsGl)
 21056 | Lair:4   | Found a runed translucent gate.
 21077 | Lair:4   | Reached ****** piety under Okawaru
 21084 | Lair:4   | Acquired the +10 tower shield of Fustrohapp {rElec rF+++
                  | Slay-2 Stlth+}
 21084 | Lair:4   | Received a gift from Okawaru
 21098 | Lair:4   | Acquired the +7 broad axe "Usytexto" {freeze, rPois rC++}
 21098 | Lair:4   | Received a gift from Okawaru
 21104 | Lair:4   | Found a runed translucent gate.
 21105 | Lair:4   | Found a runed translucent gate.
 21123 | Lair:4   | Received a gift from Okawaru
 21128 | Lair:4   | Killed Orlauf's ghost
 21129 | Lair:4   | Reached XP level 14. HP: 111/127 MP: 18/18
 21807 | Lair:4   | Found a viscous altar of Jiyva.
 21812 | Lair:4   | Found a staircase to the Slime Pits.
 21973 | Lair:5   | Entered Level 5 of the Lair of Beasts
 22058 | Lair:5   | Found a runed translucent gate.
 22058 | Lair:5   | Found a runed translucent gate.
 22058 | Lair:5   | Found a runed translucent gate.
 22070 | Lair:5   | Noticed Biggs's ghost (journeyman OpFi)
 22297 | Lair:5   | Received a gift from Okawaru
 22865 | Lair:5   | Reached skill level 18 in Axes
 23317 | Lair:5   | Identified the +10 battleaxe "Uneryvopp" {pain, rPois rF+
                  | Int+5}
 23773 | Lair:5   | Received a gift from Okawaru
 24409 | Orc:1    | Entered Level 1 of the Orcish Mines
 24563 | Orc:1    | Found an ornate altar of the Wu Jian Council.
 24564 | Orc:1    | Found a transporter.
 24594 | Orc:1    | Found a transporter.
 24601 | Orc:1    | Found a transporter.
 24621 | Orc:1    | Found a transporter.
 24622 | Orc:1    | Found an ornate altar of the Wu Jian Council.
 24622 | Orc:1    | Noticed an orc warlord
 24683 | Orc:1    | Received a gift from Okawaru
 24702 | Orc:1    | Killed an orc warlord
 24967 | Orc:2    | Entered Level 2 of the Orcish Mines
 24989 | Orc:2    | Paralysed by something for 2 turns
 25124 | Orc:2    | Noticed an orc warlord
 25128 | Orc:2    | Noticed Sonja
 25133 | Orc:2    | Killed Sonja
 25151 | Orc:2    | Killed an orc warlord
 25412 | Orc:2    | Found a staircase to the Elven Halls.
 25692 | Orc:2    | Reached skill level 19 in Axes
 25692 | Orc:2    | Reached XP level 15. HP: 40/138 MP: 20/20
 25707 | Orc:2    | Received a gift from Okawaru
 26533 | Orc:2    | Received a gift from Okawaru
 26534 | Orc:2    | Found Cetwowot's Book Boutique.
 26534 | Orc:2    | Found Vofutorph's General Store.
 26535 | Orc:2    | Found Pagipif's Magic Scroll Shop.
 26535 | Orc:2    | Found Fyeplong's Book Boutique.
 26552 | Orc:2    | Bought a scroll of enchant armour for 97 gold pieces
 26559 | Orc:2    | Bought a book of Movement for 416 gold pieces
 26564 | Orc:2    | Learned a level 2 spell: Blink
 26571 | Orc:2    | Learned a level 2 spell: Lesser Beckoning
 26895 | D:13     | Found a hazy altar of Hepliaklqana.
 26983 | D:13     | Reached skill level 1 in Translocations
 27144 | D:13     | Reached skill level 1 in Spellcasting
 27160 | D:13     | Noticed Erolcha
 27166 | D:13     | Killed Erolcha
 27337 | D:13     | Received a gift from Okawaru
 27393 | D:13     | Found a gate to the Vaults.
 29396 | Spider:1 | Entered Level 1 of the Spider Nest
 29457 | Spider:1 | Received a gift from Okawaru
 29749 | Spider:2 | Reached skill level 15 in Shields
 29987 | Spider:3 | Noticed an emperor scorpion
 30000 | Spider:3 | Killed an emperor scorpion
 30055 | Spider:3 | Reached XP level 16. HP: 86/146 MP: 21/21
 30297 | Spider:3 | Received a gift from Okawaru
 31124 | Spider:3 | Identified the +7 long sword "Feycait" {pain, rCorr Str+3
                  | Int+3}
 31594 | Spider:4 | Entered Level 4 of the Spider Nest
 31764 | Spider:4 | Received a gift from Okawaru
 32210 | Arena    | Entered the Arena
 32589 | Spider:4 | Reached skill level 5 in Translocations
 32765 | Spider:4 | Received a gift from Okawaru
 33127 | Spider:4 | Reached skill level 5 in Spellcasting
 33429 | Spider:4 | Got a gossamer rune of Zot
 33608 | Shoals:1 | Entered Level 1 of the Shoals
 33609 | Shoals:1 | Upgraded the game from 0.32-a0-975-g85d4e5bfdb to
                  | 0.32-a0-986-ga09f62fbf4
 34479 | Shoals:1 | Received a gift from Okawaru
 34487 | Shoals:1 | Reached XP level 17. HP: 106/152 MP: 24/24
 34949 | Shoals:1 | Found Hureh's Magic Scroll Shoppe.
 34955 | Shoals:1 | Reached skill level 10 in Throwing
 36278 | Shoals:2 | Received a gift from Okawaru
 37693 | Shoals:2 | Found Ralo's Overcharged Wands.
 38831 | Shoals:3 | Received a gift from Okawaru
 40094 | Shoals:4 | Entered Level 4 of the Shoals
 41107 | Shoals:4 | Reached XP level 18. HP: 151/160 MP: 29/29
 41259 | Shoals:4 | Received a gift from Okawaru
 41276 | Shoals:4 | Identified the +1 hand axe "Uraept" {drain, rF+ rC+ Int+4
                  | Dex-2}
 41307 | Arena    | Entered the Arena
 41964 | Shoals:4 | Identified the +1 ring mail "Taryeb" {-Tele rElec rCorr}
 42585 | Shoals:4 | Got a barnacled rune of Zot
 42782 | Shoals:4 | Identified the staff of the Enemy {rC+ Dex+3 Ice}
 43243 | Slime:1  | Entered Level 1 of the Pits of Slime
 43943 | D:15     | Entered Level 15 of the Dungeon
 44080 | D:15     | Reached skill level 10 in Translocations
 44418 | D:15     | Found a staircase to the Depths.
 44553 | D:15     | Received a gift from Okawaru
 45153 | D:15     | Noticed Roxanne
 45167 | D:15     | Killed Roxanne
 45223 | D:15     | Noticed Josephine
 45229 | D:15     | Killed Josephine
 45662 | Depths:1 | Entered Level 1 of the Depths
 45720 | Vaults:1 | Entered Level 1 of the Vaults
 46183 | Vaults:1 | Received a gift from Okawaru
 46279 | Vaults:1 | Reached skill level 10 in Spellcasting
 46803 | Vaults:1 | Received a gift from Okawaru
 47043 | Vaults:1 | Reached XP level 19. HP: 160/167 MP: 32/32
 47285 | Vaults:1 | Identified the +3 sling "Ipengone" {drain, *Corrode rC+
                  | Str+4}
 47505 | Vaults:1 | Identified a scroll of acquirement
 48190 | Vaults:2 | Found Yteoz's Antique Weapon Shop.
 48373 | Vaults:2 | Received a gift from Okawaru
 48429 | Vaults:2 | Found a staircase to the Crypt.
 48792 | Vaults:2 | Noticed Zenata
 48806 | Vaults:2 | HP: 4/167 [+3 heavy hand axe[Zenata] (9)]
 48806 | Vaults:2 | Mangled by a +4 vampiric long sword

Illustrated notes

Levels and vault maps discovered:
D:1:      dpeg_arrival_more_subterranean_lakeside_camping, layout_rooms
D:2:      layout_basic, serial_shops, nicolae_shop_tiny_real_fake_doors,
          minmay_tiny_reverse_x
D:3:      layout_basic, gammafunk_temple_overflow_statue, moated_statue,
          uniq_terence, uniq_sigmund, uniq_grinder
D:4:      layout_loops_ring, mainiacjoe_overflow_concentric_impassable,
          chequers_temple_overflow_statue_of_worship
D:5:      layout_loops_ring, kennysheep_orc_sif_temple, temple_statues,
          serial_shops, nicolae_diamond_shop
D:6:      layout_basic, serial_glass, glass_columns_a, glass_columns_a,
          glass_columns_a, glass_columns_b
D:7:      layout_basic
D:8:      layout_basic, erik_lair_island, grunt_ministairs_9,
          minmay_misc_feat_secret_circle, st_stairs_5, minmay_misc_feat_tower,
          hangedman_decor_opposing, hangedman_abyss_or_decor_lesser_grid,
          nrook_loot_triangle
D:9:      layout_rooms
D:10:     layout_rooms, minmay_orc_keep
D:11:     layout_cross
D:12:     layout_cave_pools, orc_0_dummy
D:13:     layout_loops_ring, david_vaults_5, grunt_ogre_cave,
          nicolae_hepliaklqana_hazy_memory, uniq_erolcha
D:14:     layout_roguey, lemuel_tele_altar
D:15:     gammafunk_depths_entry_grave, layout_gridville,
          chequers_serial_rivers_micro_c, minivault_1, uniq_roxanne,
          uniq_josephine
Lair:1:   layout_roguey, serial_bayou_shore_a, uniq_fannar
Lair:2:   statuecave_lemuel, layout_chaotic_city,
          hellmonk_spider_entry_not_the_bees, gauntlet_entry_generic,
          maelrawn_ghost_gauntlet_escape
Lair:3:   layout_long_grid, nicolae_shoals_entry_roost, basic_altar
Lair:4:   layout_regular_city, slime_entry_1, gammafunk_ghost_split,
          grunt_megastairs_5
Lair:5:   grunt_lair_end_beastmaster, layout_regular_city,
          gammafunk_ghost_hydra_chop, grunt_forest_large_clearing_hut
Shoals:1: nicolae_shoals_deep_elves_summer_vacation, layout_shoals,
          serial_shops, shop_scrolls
Shoals:2: cheibrodos_shoals_roost, layout_shoals, nicolae_shop_overcharged_wands
Shoals:3: layout_shoals, nicolae_shoals_bring_sunscreen
Shoals:4: shoals_end_simple, layout_shoals
Spider:1: layout_spider_delve
Spider:2: layout_spider_delve
Spider:3: layout_spider_delve
Spider:4: hellmonk_spider_rune_bug_friends, drop_trap
Slime:1:  layout_caves, nicolae_slime_getting_an_eyeful
Orc:1:    dreamdust_wu_jian_sword_trials, layout_caves
Orc:2:    st_orc_pillars, layout_caves, statue_in_the_mist_lemuel, uniq_sonja
Vaults:1: v_misc_11, nicolae_vaults_big_angled_halls, ontoclasm_vaults_eye,
          nicolae_vaults_sesquioval_fish, vaults_standard_mumra_x,
          nicolae_vaults_network_s, nicolae_vaults_closet_pinwheel_6, v_misc_24,
          nicolae_vaults_trapezoid_4, nicolae_vaults_little_squares_3,
          ontoclasm_vaults_misaligned, v_misc_25, vaults_room_pools,
          layout_vaults_omnicross
Vaults:2: minmay_crypt_entry_skeletal_spiral, nicolae_vaults_network_quincunx
          [nicolae_vaults_network_quincunx_subvault,
          nicolae_vaults_network_quincunx_subvault,
          nicolae_vaults_network_quincunx_subvault,
          nicolae_vaults_network_quincunx_subvault,
          nicolae_vaults_network_quincunx_subvault], ontoclasm_vaults_ligature,
          nicolae_vaults_two_Ls, nicolae_vaults_circle_grid_a,
          nicolae_vaults_house_1, vaults_room_fours,
          nicolae_vaults_little_squares_3, nicolae_vaults_turnstiles,
          layout_vaults_omnigrid, serial_shops, shop, uniq_saint_roka,
          uniq_zenata
Depths:1: minmay_the_grid_triangle_9x9_recursive_2
          [minmay_the_grid_triangle_9x9_prize_schism,
          minmay_the_grid_triangle_9x9_sparse_checkered,
          minmay_the_grid_triangle_9x9_shrine,
          minmay_the_grid_triangle_9x9_limited_checkers], layout_cave_shapes,
          enter_ziggurat_d, rand_demon_pan_entry_5, hell_entry,
          minmay_curled_crystal, abyss_entry_crystal, xom_redecorated

Skill      XL: |  1  2  3  4  5  6  7  8  9 10 11 12 13 14 15 16 17 18 19 |
---------------+----------------------------------------------------------+-----
Shields        | 4 5 6 7 8 9 10 11 12 13 15 16 | 16.8
Fighting       | 4 5 6 7 8 9 10 11 12 14 | 14.3
Axes           | 3 5 7 8 10 12 14 15 17 19 | 19.3
Armour         | 4 5 6 7 8 9 10 11 12 14 | 14.2
Invocations    | 2 4 5 6 7 8 |  8.0
Throwing       | 2 4 5 7 9 10 | 10.0
Translocations | 3 6 9 11 | 11.9
Spellcasting   | 3 5 8 10 11 | 11.0

Action                     |  1- 3 |  4- 6 |  7- 9 | 10-12 | 13-15 | 16-18 | 19-21 || total
---------------------------+-------+-------+-------+-------+-------+-------+-------++-------
  Melee: War axe           |    58 |       |    54 |   557 |   211 |       |       ||   880
         Headbutt          |     9 |     7 |    62 |   148 |   221 |   331 |    72 ||   850
         Hand axe          |    25 |    45 |   251 |       |       |       |       ||   321
         Broad axe         |       |       |     4 |       |   624 |  1162 |   181 ||  1971
  Throw: Dart              |       |     6 |     5 |       |       |    19 |       ||    30
         Javelin           |       |       |       |     5 |    10 |    26 |     1 ||    42
   Cast: Blink             |       |       |       |       |       |     1 |     2 ||     3
 Invoke: Heroism           |       |       |     1 |     5 |    11 |    14 |     2 ||    33
         Finesse           |       |       |       |     1 |     2 |     2 |     1 ||     6
         Receive Weapon    |       |       |       |       |     1 |       |       ||     1
         Receive Armour    |       |       |       |       |     1 |       |       ||     1
         Duel              |       |       |       |       |       |     2 |       ||     2
    Use: Scroll            |     1 |     5 |     7 |    12 |    12 |     7 |     1 ||    45
         Potion            |       |     1 |     1 |     2 |     2 |     7 |       ||    13
   Stab: Petrified         |       |       |       |       |    10 |       |       ||    10
         Petrifying        |       |       |       |       |     1 |       |       ||     1
 Armour: Chain mail        |    78 |    30 |   129 |       |       |       |       ||   237
         Scale mail        |     1 |       |       |       |       |       |       ||     1
         Plate armour      |       |       |    76 |   247 |       |       |       ||   323
         Gold dragon scale |       |       |       |    62 |   363 |   552 |    56 ||  1033
  Dodge: Dodged            |    24 |     7 |    75 |    60 |    69 |    87 |     4 ||   326
  Block: Buckler           |    72 |    19 |   112 |       |       |       |       ||   203
         Reflection        |     4 |     2 |     8 |     9 |    38 |   159 |     2 ||   222
         Kite shield       |       |       |    66 |   430 |   255 |       |       ||   751
         Tower shield      |       |       |       |       |   994 |  1898 |   201 ||  3093

Table legend: (Time is in decaauts)
 A = Elapsed time spent in this place.
 B = Non-inter-level travel time spent in this place.
 C = Inter-level travel time spent in this place.
 D = Time resting spent in this place.
 E = Time spent auto-exploring this place.
 F = Levels seen in this place.
 G = Mean time per level.
                   A        B        C        D        E       F      G
               +--------+--------+--------+--------+--------+-----+--------+
         Total |  48434 |  46583 |   1851 |  20385 |  11304 |  37 | 1309.0 |
       Dungeon |  20416 |  19258 |   1158 |   8187 |   5676 |  15 | 1361.1 |
          Lair |   8568 |   8190 |    378 |   3202 |   2667 |   5 | 1713.6 |
        Shoals |   9127 |   8987 |    140 |   4530 |    694 |   4 | 2281.8 |
   Spider Nest |   4074 |   3988 |     86 |   2529 |    424 |   4 | 1018.5 |
    Slime Pits |     79 |     79 |      0 |     13 |      0 |   1 |   79.0 |
  Orcish Mines |   2365 |   2341 |     24 |    742 |    708 |   2 | 1182.5 |
        Vaults |   2994 |   2934 |     60 |    869 |   1043 |   2 | 1497.0 |
        Depths |      1 |      0 |      1 |      0 |      0 |   1 |    1.0 |
      Gauntlet |    760 |    760 |      0 |    304 |     92 |   1 |  760.0 |
         Arena |     46 |     46 |      0 |      8 |      0 |   2 |   23.0 |
               +--------+--------+--------+--------+--------+-----+--------+

Top non-repeatable levels by time:
     D:8: 3907 daAuts
Shoals:4: 2947 daAuts
Spider:3: 2476 daAuts
  Lair:5: 2274 daAuts
Shoals:3: 2242 daAuts
Shoals:1: 2232 daAuts
     D:5: 2030 daAuts
  Lair:4: 1948 daAuts
Vaults:1: 1891 daAuts
   Orc:2: 1800 daAuts
    D:15: 1714 daAuts
  Lair:2: 1711 daAuts
Shoals:2: 1705 daAuts
     D:7: 1486 daAuts
  Lair:3: 1409 daAuts
